 Dungeon Crawl Stone Soup version 0.18.1-48-g4cf74bf (webtiles) character file.

402 OTRawrior the Digger (level 6, 0/48 HPs)
             Began as a Gargoyle Earth Elementalist on Aug 9, 2016.
             Slain by a kobold
             ... wielding a +0 club
              (2 damage)
             ... on level 3 of the Dungeon on Aug 10, 2016.
             The game lasted 00:09:35 (3220 turns).

OTRawrior the Digger (Gargoyle Earth Elementalist)  Turns: 3220, Time: 00:09:36

Health: 0/48       AC:  6    Str: 16    XL:     6   Next: 85%
Magic:  3/14       EV: 12    Int: 18    God:
Gold:   113        SH:  0    Dex: 10    Spells: 2 memorised, 11 levels left

rFire  . . .     SeeInvis .     p - +0 dagger (venom)
rCold  + . .     Gourm    .     a - +0 robe
rNeg   + . .     Faith    .     (no shield)
rPois  ∞         Spirit   .     (no helmet)
rElec  +         Dismiss  .     (no cloak)
rCorr  .         Reflect  .     (no gloves)
SustAt .         Harm     .     (no boots)
MR     .....                    (no amulet)
Stlth  ..........               (no ring)
                                g - ring of protection from cold

@: berserking, very quick, not resistant to hostile enchantments, extremely
unstealthy
A: negative energy resistance 1, electricity resistance, unbreathing,
petrification resistance, rot immunity, AC +4
a: no special abilities


You were on level 3 of the Dungeon.
You were very hungry.

You visited 1 branch of the dungeon, and saw 3 of its levels.

You collected 113 gold pieces.

Inventory:

Hand Weapons
 h - a +0 whip
 m - a +0 mace
 p - a +0 dagger of venom (weapon)
Missiles
 b - 171 stones (quivered)
Armour
 a - a +0 robe (worn)
 q - a +0 buckler
Jewellery
 g - a ring of protection from cold (left hand)
Scrolls
 e - 3 scrolls of remove curse
 f - a scroll of teleportation {unknown}
 i - a scroll of enchant armour {unknown}
 j - 4 scrolls of identify
 k - a scroll of fear {unknown}
 n - a scroll of magic mapping {unknown}
 o - a scroll of blinking {unknown}
 r - a scroll of fog {unknown}
Potions
 l - a potion of berserk rage
Books
 c - a book of Geomancy

   Spells                             Type                      Level
   a - Sandblast                      Earth                        1
   b - Passwall                       Transmutation/Earth          2
   c - Stone Arrow                    Conjuration/Earth            3
   d - Petrify                        Transmutation/Earth          4
   e - Lee's Rapid Deconstruction     Earth                        5
Comestibles
 d - a bread ration


   Skills:
 - Level 1.5 Dodging
 - Level 2.1 Stealth
 * Level 5.4 Spellcasting
   Level 0.7 Transmutations
 + Level 5.8 Earth Magic


You had 11 spell levels left.
You knew the following spells:

 Your Spells              Type           Power        Failure   Level  Hunger
a - Sandblast             Erth           ####..       1%          1    None
b - Stone Arrow           Conj/Erth      ###...       14%         3    ##.....


Dungeon Overview and Level Annotations

Branches:
Dungeon (3/15)

Altars:
Dithmenos
Nemelex Xobeh


Innate Abilities, Weirdness & Mutations

You are resistant to torment.
Your stone body is resilient (AC +4).
You are immune to poison.
You resist negative energy.
You are resistant to electric shocks.
You can survive without breathing.
You are immune to petrification.
You are immune to rotting.


Message History

Drink which item? (? for menu, Esc to quit)
It was a potion of berserk rage.
A red film seems to cover your vision as you go berserk!
You feel yourself moving faster!
You feel mighty! The kobold closely misses you.
The kobold hits you with a short sword.
* * * LOW HITPOINT WARNING * * *
You are feeling very hungry.
You closely miss the kobold. The kobold hits you but does no damage.
The kobold closely misses you.
You barely miss the kobold.
The kobold hits you but does no damage. x2
The kobold misses you.
You closely miss the kobold. The kobold hits you but does no damage.
You barely miss the kobold. The kobold closely misses you.
The kobold barely misses you.
You hit the kobold.
You kill the kobold!
The kobold hits you with a short sword.
* * * LOW HITPOINT WARNING * * *
The kobold hits you with a club.
You die...

######## ####### ## #......##
##.....# #. #. #.......###....(.+
#. #'##........#...†...#########.
#.K........K#).............#..
#K..(.((..(KK@......(......'..
#..........K#K.....(.((....#..
#K##........#.......#########. #$
#.......###....(.+ #. ≈≈#
#[.....## ##.....# #. ≈≈#
###########################
≈≈#####≈≈≈≈≈≈≈≈≈≈≈≈≈≈≈≈≈≈≈≈≈≈≈≈≈.
≈≈≈≈≈≈≈≈≈≈≈≈≈≈≈≈≈≈≈≈≈≈≈≈≈≈≈≈≈≈≈..
≈≈≈≈≈≈≈≈≈≈≈≈≈≈≈≈≈≈≈≈≈≈≈≈≈≈≈≈≈≈≈≈)


You could see 5 kobolds.

Vanquished Creatures
  An ogre (D:3)
  2 big kobolds (D:3)
  A hound (D:3)
  2 gnolls
  4 adders
  An ooze (D:3)
  A worm (D:3)
  2 dart slugs (D:1)
  3 giant geckos
  An orc (D:3)
  A ball python (D:1)
  A giant cockroach (D:2)
  9 goblins
  5 hobgoblins
  11 jackals
  24 kobolds
  A quokka (D:3)
  4 bats
  9 rats
83 creatures vanquished.

Notes
Turn   | Place    | Note
--------------------------------------------------------------
     0 | D:1      | OTRawrior the Gargoyle Earth Elementalist began the quest for the Orb.
     0 | D:1      | Reached XP level 1. HP: 10/10 MP: 3/3
   139 | D:1      | Reached XP level 2. HP: 11/15 MP: 0/5
   289 | D:1      | Reached XP level 3. HP: 19/19 MP: 1/7
   351 | D:1      | Learned a level 3 spell: Stone Arrow
  1526 | D:2      | Found a sparkling altar of Nemelex Xobeh.
  1562 | D:2      | Reached XP level 4. HP: 8/24 MP: 9/9
  2363 | D:3      | Found a shadowy altar of Dithmenos.
  2375 | D:3      | Reached XP level 5. HP: 28/28 MP: 9/11
  2747 | D:3      | Noticed an ogre
  2758 | D:3      | Killed an ogre
  2758 | D:3      | Reached skill level 5 in Earth Magic
  2758 | D:3      | Reached XP level 6. HP: 30/32 MP: 8/13
  3176 | D:3      | Reached skill level 5 in Spellcasting
  3215 | D:3      | HP: 2/48 [kobold/short sword (5)]
  3220 | D:3      | HP: 2/48 [kobold/short sword (1)]
  3220 | D:3      | Slain by a kobold

Skill      XL: |  1  2  3  4  5  6 |
---------------+-------------------+-----
Spellcasting   | 3 4 5 |  5.4
Earth Magic    | 4 5 |  5.8
Dodging        | |  1.5
Stealth        | |  2.1
Transmutations | |  0.7

Action                   |  1- 3 |  4- 6 || total
-------------------------+-------+-------++-------
Melee: Mace              |    26 |       ||    26
       Whip              |    16 |       ||    16
       Dagger            |       |   109 ||   109
 Cast: Sandblast         |    58 |    68 ||   126
  Use: Scroll            |     2 |       ||     2
       Potion            |       |     1 ||     1
 Stab: Sleeping          |     1 |     1 ||     2
  Eat: Chunk             |       |     5 ||     5
       Pizza             |       |     1 ||     1
Armor: Robe              |    37 |    70 ||   107
Dodge: Dodged            |    74 |   133 ||   207
